 Dungeon Crawl Stone Soup version 0.18.1-8-gdd0e5ea (webtiles) character file.

124 Scarto the Skirmisher (level 4, 0/36 HPs)
             Began as a Demonspawn Fighter on May 22, 2016.
             Slain by Tux's ghost (11 damage)
             ... on level 3 of the Dungeon.
             The game lasted 00:04:24 (2525 turns).

Scarto the Skirmisher (Demonspawn Fighter)          Turns: 2525, Time: 00:04:25

Health: 0/36       AC:  6    Str: 22    XL:     4   Next: 81%
Magic:  4/4        EV:  7    Int: 10    God:
Gold:   119        SH:  9    Dex: 12    Spells: 0 memorised, 3 levels left

rFire  . . .     SeeInvis .     a - +0 war axe
rCold  . . .     Gourm    .     b - +0 scale mail
rNeg   . . .     Faith    .     c - +0 shield
rPois  .         Spirit   .     (no helmet)
rElec  .         Dismiss  .     (no cloak)
rCorr  .         Reflect  .     (no gloves)
SustAt .         Harm     .     (no boots)
MR     .....                    (no amulet)
Stlth  +.........               (no ring)
                                (no ring)

@: mighty, not resistant to hostile enchantments, very unstealthy
A: talons 2, nightstalker 1
a: no special abilities


You were on level 3 of the Dungeon.
You were very hungry.

You visited 1 branch of the dungeon, and saw 3 of its levels.

You collected 119 gold pieces.

Inventory:

Hand Weapons
 a - a +0 war axe (weapon)
Armour
 b - a +0 scale mail (worn)
 c - a +0 shield (worn)
Scrolls
 e - 7 scrolls of identify {unknown}
 g - 4 scrolls of enchant weapon {unknown}
 h - 2 scrolls of fear {unknown}
 k - 2 scrolls of teleportation {unknown}
 o - 2 scrolls of remove curse {unknown}
 p - a scroll of noise {unknown}
Potions
 m - a potion of heal wounds {unknown}
 n - 2 potions of cure mutation {unknown}
 q - a potion of flight {unknown}
 s - a potion of curing {unknown}
Comestibles
 f - 4 bread rations
 i - 2 fruits
 j - 5 beef jerkies
 l - a slice of pizza


   Skills:
 + Level 3.6 Fighting
 + Level 3.0 Axes
 + Level 3.4 Armour
 + Level 3.3 Shields


You had 3 spell levels left.
You didn't know any spells.

Dungeon Overview and Level Annotations

Branches:
Dungeon (3/15)

Altars:

Annotations:
D:3 Tux's ghost, amateur KoHu


Innate Abilities, Weirdness & Mutations

You have razor-sharp toenails.
You are slightly more attuned to the shadows.


Message History

You closely miss Tux's ghost. You claw Tux's ghost, but do no damage.
Tux's ghost hits you but does no damage.
Tux's ghost hits you!
You slash Tux's ghost!
Tux's ghost is moderately damaged.
Tux's ghost hits you!
You are too injured to fight recklessly!
Your shield and scale mail prevent you from hitting Tux's ghost.
Tux's ghost is moderately damaged.
Tux's ghost hits you. Tux's ghost closely misses you.
You closely miss Tux's ghost.
Tux's ghost is moderately damaged.
Tux's ghost hits you.
You hit Tux's ghost. You claw Tux's ghost!
Tux's ghost is severely damaged.
Tux's ghost hits you.
You miss Tux's ghost.
Tux's ghost is severely damaged.
Tux's ghost hits you!
You die...

#.# #.##. ########
#.####.##. ..........#
#...##.... ..........#
###..####. ..........#
##.##...
..........#######......
.......................
).........#####........
.....W@...# ##.......
..........# #.......
...$......# #.......
########### #.......
#....... #####... ####


You could see Tux's ghost.

Vanquished Creatures
  3 adders (D:2)
  2 oozes (D:2)
  4 giant geckos
  2 bats (D:1)
  A bat skeleton (D:2)
  2 bat zombies (D:2)
  7 goblins
  12 hobgoblins
  12 jackals
  9 kobolds
  2 quokkas (D:2)
  18 giant newts
  A quokka zombie (D:2)
  5 rats
80 creatures vanquished.

Notes
Turn   | Place    | Note
--------------------------------------------------------------
     0 | D:1      | Scarto the Demonspawn Fighter began the quest for the Orb.
     0 | D:1      | Reached XP level 1. HP: 18/18 MP: 1/1
   156 | D:1      | Gained mutation: You have sharp toenails. [demonic ancestry]
   156 | D:1      | Reached XP level 2. HP: 24/24 MP: 2/2
   740 | D:1      | Gained mutation: You are slightly more attuned to the shadows. [demonic ancestry]
   740 | D:1      | Reached XP level 3. HP: 17/29 MP: 3/3
  1519 | D:2      | Gained mutation: You have razor-sharp toenails. [demonic ancestry]
  1519 | D:2      | Reached XP level 4. HP: 26/35 MP: 4/4
  2516 | D:3      | Noticed Tux's ghost (amateur KoHu)
  2525 | D:3      | Slain by Tux's ghost

Skill      XL: |  1  2  3  4 |
---------------+-------------+-----
Axes           | 2 3 |  3.0
Shields        | 3 |  3.3
Armour         | 3 |  3.4
Fighting       | |  3.6

Action                   |  1- 3 |  4- 6 || total
-------------------------+-------+-------++-------
Melee: War axe           |   153 |    97 ||   250
       Kick              |    21 |    15 ||    36
  Use: Potion            |       |     1 ||     1
  Eat: Bread ration      |     1 |       ||     1
Armor: Scale mail        |    99 |    41 ||   140
Dodge: Dodged            |    55 |    30 ||    85
Block: Shield            |    99 |    46 ||   145
